[ PARTIDA AOE2 · #494186587 ]
UnrankedTeutones vs Chinese
Equipo del jugador · VICT
Equipo rival · DERR
[ ANÁLISIS DE REPETICIÓN · EXTRAÍDO DE LA PARTIDA GRABADA ]
Feudal
8:26
Castillos
23:04
Imperial
36:47
| APM promedio | 35.1 |
| APM pico | 84 |
| eAPM promedio | 20.7 |
| Aldeanos / militares | 60 / 29 |
Foco
⚔️ 29.3% · 🌾 70.7%
Teutonic Knight ×17 · Mangonel ×5 · Monk ×4 · Battering Ram ×2 · Trebuchet (Packed) ×1
Feudal
10:24
Castillos
17:29
Imperial
42:24
| APM promedio | 23.1 |
| APM pico | 43 |
| eAPM promedio | 15.2 |
| Aldeanos / militares | 136 / 71 |
Foco
⚔️ 31.9% · 🌾 68.1%
Fire Lancer ×39 · Battering Ram ×23 · Iron Pagoda ×9
Mapa de la partida
Recursos iniciales + cada clic de construcción. Líneas = muros · curvas = relieve. ◆ oro · ⬟ piedra · ● bayas · ✦ reliquia · ◌ hueco del cierre
Tu base· ✓ Cerrada en 23:04 · 0t muro · 2 puerta(s)
Base de Trollexander_the_Great· ✓ Cerrada en 17:29 · 17t muro · 3 puerta(s)
Terreno inicial suavizado · ◌ = hueco del cierre detectado · pasá el cursor para detalles
Inputs por minuto
— TRUM - - Trollexander_the_Great
Build order — TRUM
Primeras 150 de 196 acciones detectadas
| 0:00 | Crear | Villager (Male) |
| 0:01 | Construir | House |
| 0:02 | Construir | House |
| 0:12 | Crear | Villager (Male) |
| 0:12 | Crear | Villager (Male) |
| 0:12 | Crear | Villager (Male) |
| 1:14 | Crear | Villager (Male) |
| 1:37 | Crear | Villager (Male) |
| 2:10 | Construir | Lumber Camp |
| 2:18 | Crear | Villager (Male) |
| 2:18 | Crear | Villager (Male) |
| 2:29 | Crear | Villager (Male) |
| 2:29 | Crear | Villager (Male) |
| 2:59 | Crear | Villager (Male) |
| 3:13 | Crear | Villager (Male) |
| 3:13 | Crear | Villager (Male) |
| 3:51 | Construir | House |
| 4:02 | Crear | Villager (Male) |
| 4:22 | Crear | Villager (Male) |
| 4:23 | Crear | Villager (Male) |
| 4:51 | Construir | Mill |
| 4:57 | Crear | Villager (Male) |
| 4:57 | Crear | Villager (Male) |
| 5:28 | Investigar | Loom |
| 6:10 | Investigar | Feudal Age |
| 6:10 | Investigar | Feudal Age |
| 6:47 | Construir | House |
| 7:34 | Construir | Mining Camp |
| 8:26 | Edad | Edad Feudal |
| 8:26 | Investigar | Town Watch |
| 8:27 | Investigar | Town Watch |
| 8:29 | Construir | Blacksmith |
| 8:41 | Construir | Watch Tower |
| 8:49 | Crear | Villager (Male) |
| 9:01 | Crear | Villager (Male) |
| 9:13 | Investigar | Fletching |
| 9:35 | Crear | Villager (Male) |
| 9:45 | Construir | Watch Tower |
| 10:11 | Crear | Villager (Male) |
| 10:42 | Crear | Villager (Male) |
| 10:43 | Crear | Villager (Male) |
| 10:52 | Construir | House |
| 11:02 | Crear | Villager (Male) |
| 11:18 | Construir | Watch Tower |
| 11:28 | Crear | Villager (Male) |
| 11:55 | Crear | Villager (Male) |
| 12:19 | Crear | Villager (Male) |
| 12:19 | Crear | Villager (Male) |
| 12:30 | Construir | House |
| 12:42 | Crear | Villager (Male) |
| 12:42 | Crear | Villager (Male) |
| 13:07 | Construir | Watch Tower |
| 13:11 | Crear | Villager (Male) |
| 13:33 | Crear | Villager (Male) |
| 14:02 | Construir | Mill |
| 14:04 | Crear | Villager (Male) |
| 14:12 | Crear | Villager (Male) |
| 14:32 | Crear | Villager (Male) |
| 14:33 | Crear | Villager (Male) |
| 14:41 | Construir | Farm |
| 14:59 | Crear | Villager (Male) |
| 15:02 | Construir | Farm |
| 15:05 | Construir | House |
| 15:18 | Crear | Villager (Male) |
| 15:31 | Crear | Villager (Male) |
| 15:34 | Construir | Farm |
| 15:58 | Crear | Villager (Male) |
| 16:19 | Construir | Mining Camp |
| 16:22 | Investigar | Wheelbarrow |
| 16:22 | Investigar | Wheelbarrow |
| 17:00 | Construir | House |
| 17:07 | Construir | Farm |
| 17:32 | Construir | Farm |
| 17:55 | Construir | Watch Tower |
| 18:00 | Crear | Villager (Male) |
| 18:08 | Construir | Farm |
| 18:39 | Crear | Villager (Male) |
| 18:47 | Construir | Farm |
| 19:14 | Crear | Villager (Male) |
| 19:21 | Construir | Market |
| 20:24 | Investigar | Castle Age |
| 20:56 | Construir | Watch Tower |
| 21:08 | Construir | Farm |
| 21:10 | Investigar | Stone Mining |
| 22:15 | Construir | Watch Tower |
| 22:20 | Construir | House |
| 23:04 | Edad | Edad de los Castillos |
| 23:08 | Investigar | Bodkin Arrow |
| 23:08 | Investigar | Bodkin Arrow |
| 23:11 | Construir | University |
| 23:56 | Investigar | Guard Tower (upgrade) |
| 24:02 | Crear | Villager (Male) |
| 24:02 | Crear | Villager (Male) |
| 24:02 | Crear | Villager (Male) |
| 24:31 | Construir | Watch Tower |
| 25:28 | Crear | Villager (Male) |
| 25:44 | Construir | Monastery |
| 25:51 | Construir | Monastery |
| 25:54 | Crear | Villager (Male) |
| 25:57 | Construir | Farm |
| 26:08 | Crear | Monk |
| 26:31 | Construir | Castle |
| 26:53 | Investigar | Redemption |
| 27:52 | Construir | Siege Workshop |
| 27:59 | Crear | Villager (Male) |
| 28:04 | Construir | House |
| 28:33 | Construir | Gate |
| 28:39 | Crear | Mangonel |
| 29:21 | Crear | Monk |
| 29:26 | Construir | Mining Camp |
| 29:51 | Crear | Villager (Male) |
| 30:07 | Crear | Villager (Male) |
| 30:31 | Crear | Mangonel |
| 30:33 | Investigar | Double-Bit Axe |
| 30:33 | Investigar | Double-Bit Axe |
| 30:34 | Crear | Villager (Male) |
| 30:37 | Construir | Mining Camp |
| 30:54 | Construir | Stone Wall |
| 31:04 | Construir | Stone Wall |
| 31:06 | Construir | Stone Wall |
| 31:20 | Construir | Gate |
| 31:26 | Construir | House |
| 31:29 | Construir | Stone Wall |
| 32:38 | Crear | Mangonel |
| 32:52 | Crear | Monk |
| 32:53 | Crear | Monk |
| 33:08 | Crear | Villager (Male) |
| 33:09 | Crear | Villager (Male) |
| 33:35 | Investigar | Imperial Age |
| 33:40 | Construir | Town Center |
| 33:42 | Investigar | Bow Saw |
| 34:05 | Construir | Stone Wall |
| 34:06 | Construir | Stone Wall |
| 34:16 | Crear | Mangonel |
| 34:17 | Crear | Mangonel |
| 34:23 | Construir | Watch Tower |
| 34:32 | Construir | Stone Wall |
| 34:34 | Construir | Stone Wall |
| 34:37 | Construir | Stone Wall |
| 34:53 | Construir | Stone Wall |
| 35:19 | Crear | Teutonic Knight ×3 |
| 35:48 | Construir | Barracks |
| 35:52 | Crear | Teutonic Knight |
| 35:53 | Crear | Teutonic Knight |
| 35:57 | Investigar | Scale Mail Armor |
| 35:57 | Investigar | Scale Mail Armor |
| 36:23 | Construir | Watch Tower |
| 36:34 | Crear | Teutonic Knight |
| 36:34 | Crear | Teutonic Knight |
| 36:46 | Investigar | Chain Mail Armor |
Build order — Trollexander_the_Great
Primeras 150 de 365 acciones detectadas
| 0:11 | Investigar | Loom |
| 0:40 | Crear | Villager (Male) |
| 1:09 | Crear | Villager (Male) |
| 1:29 | Crear | Villager (Male) |
| 1:47 | Construir | Lumber Camp |
| 1:53 | Crear | Villager (Male) |
| 2:18 | Crear | Villager (Male) |
| 2:38 | Crear | Villager (Male) |
| 2:48 | Crear | Villager (Male) |
| 3:19 | Construir | House |
| 3:20 | Construir | House |
| 3:30 | Crear | Villager (Male) |
| 3:32 | Crear | Villager (Male) |
| 4:15 | Construir | Mill |
| 4:19 | Crear | Villager (Male) |
| 4:39 | Crear | Villager (Male) |
| 4:42 | Crear | Villager (Male) |
| 5:02 | Crear | Villager (Male) |
| 5:34 | Crear | Villager (Male) |
| 5:47 | Crear | Villager (Male) |
| 5:48 | Crear | Villager (Male) |
| 5:58 | Construir | Farm |
| 6:01 | Construir | Farm |
| 6:02 | Construir | Farm |
| 6:22 | Crear | Villager (Male) |
| 7:15 | Construir | Farm |
| 7:36 | Construir | Mining Camp |
| 7:46 | Crear | Villager (Male) |
| 7:56 | Investigar | Feudal Age |
| 8:40 | Construir | House |
| 8:42 | Construir | House |
| 9:04 | Construir | Palisade Wall |
| 9:12 | Construir | Palisade Wall |
| 9:27 | Construir | Palisade Wall |
| 9:35 | Construir | Palisade Wall |
| 9:37 | Construir | Palisade Wall |
| 9:41 | Crear | Villager (Male) |
| 10:03 | Crear | Villager (Male) |
| 10:04 | Crear | Villager (Male) |
| 10:11 | Construir | Palisade Wall |
| 10:24 | Edad | Edad Feudal |
| 10:30 | Crear | Villager (Male) |
| 10:40 | Construir | Watch Tower |
| 10:52 | Construir | Watch Tower |
| 11:00 | Construir | House |
| 11:05 | Construir | House |
| 11:06 | Crear | Villager (Male) |
| 11:15 | Crear | Villager (Male) |
| 11:29 | Construir | Mining Camp |
| 11:36 | Crear | Villager (Male) |
| 11:55 | Construir | House |
| 12:17 | Construir | Market |
| 12:21 | Crear | Villager (Male) |
| 13:01 | Construir | Watch Tower |
| 13:07 | Crear | Villager (Male) |
| 13:30 | Construir | Watch Tower |
| 13:52 | Construir | Blacksmith |
| 14:07 | Construir | Lumber Camp |
| 14:21 | Crear | Villager (Male) |
| 14:49 | Investigar | Castle Age |
| 15:16 | Crear | Villager (Male) |
| 15:27 | Construir | House |
| 15:40 | Construir | House |
| 15:40 | Construir | House |
| 15:40 | Construir | House |
| 15:41 | Construir | House |
| 15:41 | Construir | House |
| 15:41 | Construir | House |
| 15:47 | Construir | Farm |
| 15:52 | Construir | Farm |
| 15:54 | Construir | Farm |
| 15:57 | Construir | Farm |
| 16:00 | Construir | Farm |
| 16:08 | Investigar | Double-Bit Axe |
| 16:49 | Investigar | Horse Collar |
| 17:04 | Crear | Villager (Male) |
| 17:29 | Edad | Edad de los Castillos |
| 17:34 | Construir | Siege Workshop |
| 17:50 | Construir | Town Center |
| 17:52 | Crear | Villager (Male) |
| 18:05 | Crear | Villager (Male) |
| 18:32 | Crear | Iron Pagoda |
| 18:35 | Crear | Villager (Male) |
| 19:00 | Crear | Villager (Male) |
| 19:17 | Crear | Villager (Male) |
| 19:18 | Crear | Villager (Male) |
| 19:21 | Construir | Farm |
| 19:23 | Construir | Farm |
| 19:26 | Construir | Farm |
| 19:29 | Construir | Farm |
| 19:34 | Crear | Iron Pagoda |
| 20:05 | Construir | Farm |
| 20:06 | Crear | Villager (Male) |
| 20:13 | Construir | Farm |
| 20:19 | Construir | Farm |
| 20:25 | Crear | Villager (Male) |
| 20:29 | Crear | Villager (Male) |
| 20:32 | Crear | Iron Pagoda |
| 20:53 | Crear | Villager (Male) |
| 20:55 | Crear | Villager (Male) |
| 21:02 | Crear | Iron Pagoda |
| 21:32 | Crear | Villager (Male) |
| 21:32 | Crear | Villager (Male) |
| 21:33 | Crear | Villager (Male) |
| 21:42 | Crear | Villager (Male) |
| 21:45 | Crear | Iron Pagoda |
| 21:47 | Crear | Villager (Male) |
| 21:53 | Crear | Villager (Male) |
| 21:53 | Crear | Villager (Male) |
| 22:11 | Crear | Villager (Male) |
| 22:27 | Crear | Villager (Male) |
| 22:39 | Crear | Iron Pagoda |
| 22:39 | Crear | Iron Pagoda |
| 23:31 | Crear | Villager (Male) |
| 23:43 | Crear | Villager (Male) |
| 23:44 | Crear | Villager (Male) |
| 23:50 | Crear | Battering Ram |
| 23:50 | Crear | Battering Ram |
| 23:59 | Crear | Villager (Male) |
| 24:06 | Construir | Barracks |
| 24:06 | Construir | Barracks |
| 24:09 | Investigar | Scale Mail Armor |
| 24:10 | Crear | Villager (Male) |
| 24:13 | Construir | Farm |
| 24:13 | Construir | Farm |
| 24:13 | Construir | Farm |
| 24:13 | Construir | Farm |
| 24:14 | Construir | Farm |
| 24:14 | Construir | Farm |
| 24:14 | Construir | Farm |
| 24:14 | Construir | Farm |
| 24:16 | Crear | Villager (Male) |
| 24:28 | Construir | House |
| 24:51 | Investigar | Wheelbarrow |
| 25:05 | Crear | Villager (Male) |
| 25:13 | Crear | Villager (Male) |
| 25:40 | Construir | House |
| 25:43 | Construir | House |
| 25:46 | Construir | House |
| 25:49 | Construir | House |
| 25:52 | Investigar | Town Watch |
| 25:58 | Investigar | Bow Saw |
| 26:11 | Construir | Monastery |
| 26:14 | Crear | Battering Ram |
| 26:16 | Crear | Villager (Male) |
| 26:18 | Crear | Fire Lancer |
| 26:18 | Crear | Fire Lancer |
| 26:20 | Crear | Villager (Male) |
| 26:25 | Construir | Barracks |
| 26:34 | Construir | Mining Camp |
Cronología de la partida
| 8:26 | TRUM · age_up feudal |
| 9:04 | Trollexander_the_Great · wall_segment Palisade Wall x3 |
| 9:12 | Trollexander_the_Great · wall_segment Palisade Wall x2 |
| 9:27 | Trollexander_the_Great · wall_segment Palisade Wall x5 |
| 9:35 | Trollexander_the_Great · wall_segment Palisade Wall x5 |
| 9:37 | Trollexander_the_Great · wall_segment Palisade Wall x1 |
| 10:11 | Trollexander_the_Great · wall_segment Palisade Wall x1 |
| 10:24 | Trollexander_the_Great · age_up feudal |
| 13:20 | Trollexander_the_Great · first_market_buy 100 stone |
| 17:29 | Trollexander_the_Great · age_up castle |
| 17:34 | Trollexander_the_Great · first_building Siege Workshop |
| 19:44 | Trollexander_the_Great · first_market_sell 100 food |
| 20:03 | TRUM · first_market_buy 100 food |
| 20:11 | TRUM · first_market_sell 100 wood |
| 23:04 | TRUM · age_up castle |
| 24:06 | Trollexander_the_Great · first_building Barracks |
| 25:44 | TRUM · first_building Monastery |
| 26:11 | Trollexander_the_Great · first_building Monastery |
| 26:31 | TRUM · first_building Castle |
| 27:52 | TRUM · first_building Siege Workshop |
| 30:54 | TRUM · wall_segment Stone Wall x1 |
| 31:04 | TRUM · wall_segment Stone Wall x1 |
| 31:06 | TRUM · wall_segment Stone Wall x1 |
| 31:29 | TRUM · wall_segment Stone Wall x1 |
| 34:05 | TRUM · wall_segment Stone Wall x1 |
| 34:06 | TRUM · wall_segment Stone Wall x1 |
| 34:32 | TRUM · wall_segment Stone Wall x1 |
| 34:34 | TRUM · wall_segment Stone Wall x1 |
| 34:37 | TRUM · wall_segment Stone Wall x1 |
| 34:53 | TRUM · wall_segment Stone Wall x1 |
| 35:48 | TRUM · first_building Barracks |
| 36:47 | TRUM · age_up imperial |
| 42:24 | Trollexander_the_Great · age_up imperial |
| 47:04 | Trollexander_the_Great · resign |
[ ANÁLISIS IA · 1 CRÉDITO ]
¿Qué pasó realmente en esta partida?
Wolo.gg analiza cada decisión: build order, eco, micro, errores típicos por bracket. Análisis personalizado por WhatsApp o Discord en 30 segundos.
Guía civ
Teutones
Perfil
TRUM